 Dungeon Crawl Stone Soup version 0.20.2-3-g29329e0561 (webtiles) character file.

554 Alfie the Slasher (level 7, -1/60 HPs)
             Began as a Minotaur Fighter on Nov 11, 2020.
             Slain by an ogre
             ... wielding a +0 giant club
              (21 damage)
             ... on level 4 of the Dungeon.
             The game lasted 00:07:04 (2492 turns).

Alfie the Slasher (Minotaur Fighter)                Turns: 2492, Time: 00:07:05

Health: -1/60      AC:  8    Str: 23    XL:     7   Next: 8%
Magic:  15/15      EV:  8    Int:  5    God:
Gold:   280        SH: 10    Dex:  9    Spells: 6/6 levels left

rFire    . . .     SeeInvis .   a - +1 long sword
rCold    . . .     Gourm    .   c - +0 shield
rNeg     . . .     Faith    .   b - +0 scale mail
rPois    +         Spirit   .   (helmet restricted)
rElec    .         Reflect  .   q - +0 cloak (curse)
rCorr    .         Harm     +   (no gloves)
MR       .....                  (no boots)
Stlth    +.........             s - amulet of harm
Regen    0.2/turn               v - ring "Hularas" {rPois MP+9 Slay-4 Stlth+}
MPRegen  0.2/turn               (no ring)

@: no status effects
A: retaliatory headbutt, horns 2
a: no special abilities


You were on level 4 of the Dungeon.
You were not hungry.

You visited 1 branch of the dungeon, and saw 4 of its levels.

You collected 280 gold pieces.

Inventory:

Hand Weapons
 a - a +1 long sword (weapon)
Armour
 b - a +0 scale mail (worn)
 c - a +0 shield (worn)
 q - a cursed +0 cloak (worn)
Jewellery
 e - a +2 ring of dexterity
 h - an uncursed ring of protection from fire
 l - an uncursed ring of flight
 s - an amulet of harm (around neck)
 v - the ring "Hularas" (left hand) {rPois MP+9 Slay-4 Stlth+}
   (You found it on level 4 of the Dungeon)

   [ring of magical power]

   It affects your accuracy and damage with ranged weapons and melee attacks
   (-4).
   It protects you from poison.
   It affects your magic capacity (+9).
   It makes you more stealthy.
Scrolls
 g - a scroll of blinking
 t - a scroll of teleportation
Potions
 d - a potion of might
 f - a potion of heal wounds
 i - 5 potions of curing
 o - a potion of haste {unknown}
 p - a potion of brilliance
 u - a potion of degeneration {unknown}
Comestibles
 j - 3 meat rations
 k - 4 fruits
 m - 5 royal jellies
 n - a bread ration


   Skills:
 + Level 4.8 Fighting
 + Level 5.9 Long Blades
 + Level 5.3 Armour
 + Level 1.3 Dodging
 + Level 1.0 Stealth
 + Level 5.6 Shields


You had 6 spell levels left.
You didn't know any spells.

Dungeon Overview and Level Annotations

Branches:
Dungeon (4/15)
 Temple: D:4-7

Altars:
Ru
The Shining One


Innate Abilities, Weirdness & Mutations

You reflexively headbutt those who attack you in melee.
You have a pair of horns on your head.


Message History

You headbutt the ogre, but do no damage.
You riposte.
You closely miss the ogre. Your headbutt misses the ogre. You slash the ogre!
The ogre is moderately wounded.
You hit the ogre but do no damage. You headbutt the ogre.
The ogre is heavily wounded.
You block the ogre's attack.
You hit the ogre but do no damage. Your headbutt misses the ogre.
The ogre is heavily wounded.
You block the ogre's attack.
You hit the ogre. You headbutt the ogre.
The ogre is severely wounded.
The ogre barely misses you.
You barely miss the ogre.
The ogre is severely wounded.
The ogre hits you but does no damage.
You closely miss the ogre.
The ogre is severely wounded.
The ogre hits you with a giant club!!
You die...

...#..#### ##.##....###
#.........#
#####..##.###
#.....##...#########
###.###..###..........
....####.##..#.####...#
#....# #..#.##(####...#
................@Oh...#
#...........##.####...#
..........#.##.# .#
...)......#. #.#
.....>....#. ...
.......... #.# ..#....
#.# ..# #.. ..#


You could see an ogre and a hound.

Vanquished Creatures
  An ogre (D:4)
  A scorpion (D:4)
  A bullfrog skeleton (D:4)
  An orc priest (D:4)
  2 orc wizards (D:4)
  An iguana (D:4)
  Natasha (twice) (D:3)
  2 worker ants (D:4)
  3 gnolls (D:3)
  A howler monkey skeleton (D:4)
  5 adders
  3 worms
  2 dart slugs
  10 orcs
  5 bats
  10 giant cockroaches
  5 goblins
  6 hobgoblins
  6 jackals
  2 ball pythons
  4 frilled lizards
  5 kobolds
  4 rats
82 creatures vanquished.

Notes
Turn   | Place    | Note
-------+----------+-------------------------------------------
     0 | D:1      | Alfie the Minotaur Fighter began the quest for the Orb.
     0 | D:1      | Reached XP level 1. HP: 19/19 MP: 0/0
   192 | D:1      | Reached XP level 2. HP: 27/27 MP: 1/1
   359 | D:1      | Found a glowing golden altar of the Shining One.
  1273 | D:2      | Reached XP level 3. HP: 25/33 MP: 2/2
  1634 | D:3      | Reached XP level 4. HP: 14/40 MP: 3/3
  1636 | D:3      | HP: 2/40 [gnoll/halberd (6)]
  1837 | D:3      | Noticed Natasha
  1842 | D:3      | Killed Natasha
  1901 | D:3      | Noticed Natasha
  1910 | D:3      | Killed Natasha
  1910 | D:3      | Reached XP level 5. HP: 44/46 MP: 4/4
  1932 | D:3      | Found a sacrificial altar of Ru.
  2065 | D:4      | Reached skill level 5 in Shields
  2096 | D:4      | Reached skill level 5 in Long Blades
  2096 | D:4      | Reached XP level 6. HP: 5/53 MP: 5/5
  2187 | D:4      | Got a vibrating brass ring
  2205 | D:4      | Identified the ring "Hularas" {rPois MP+9 Slay-4 Stlth+} (You found it on level 4 of the Dungeon)
  2270 | D:4      | Reached skill level 5 in Armour
  2295 | D:4      | Reached skill level 1 in Dodging
  2428 | D:4      | Reached skill level 1 in Stealth
  2428 | D:4      | Reached XP level 7. HP: 6/60 MP: 6/6
  2492 | D:4      | Slain by an ogre

Skill      XL: |  1  2  3  4  5  6 |
---------------+-------------------+-----
Fighting       | 4 |  4.8
Armour         | 4 5 |  5.3
Shields        | 4 5 |  5.6
Long Blades    | 3 5 |  5.9
Dodging        | 1 |  1.3
Stealth        | 1 |  1.0

Action                   |  1- 3 |  4- 6 |  7- 9 || total
-------------------------+-------+-------+-------++-------
Melee: Long sword        |    93 |   129 |     9 ||   231
       Headbutt          |    15 |    23 |     2 ||    40
  Use: Scroll            |     9 |     3 |       ||    12
       Potion            |       |     6 |     1 ||     7
 Stab: Invisible         |       |     1 |       ||     1
       Paralysed         |       |     1 |       ||     1
  Eat: Bread ration      |     1 |       |       ||     1
       Fruit             |       |     1 |       ||     1
Armor: Scale mail        |    42 |    44 |     1 ||    87
Dodge: Dodged            |    35 |    42 |     2 ||    79
Block: Shield            |    65 |    76 |     4 ||   145
       Rpst.: Long sword |    11 |    11 |     1 ||    23
